 Dungeon Crawl Stone Soup version 0.30-a0-341-g682706514a (webtiles) character file.

Game seed: 8992565657511402841

67 Hubris850 the Vexing (level 3, -6/20 HPs)
             Began as a Deep Elf Hexslinger on Nov 4, 2022.
             Mangled by a gnoll
             ... wielding a +0 flail
              (10 damage)
             ... on level 2 of the Dungeon.
             The game lasted 00:03:59 (956 turns).

Hubris850 the Vexing (Deep Elf Hexslinger)           Turns: 956, Time: 00:04:00

Health: -6/20      AC:  7    Str:  7    XL:     3   Next: 98%
Magic:  9/9        EV: 17    Int: 17    God:
Gold:   95         SH:  0    Dex: 17    Spells: 6/7 levels left

rFire   . . .      SeeInvis .    a - +1 sling
rCold   . . .      Faith    .    (no shield)
rNeg    . . .      Spirit   .    c - +0 robe
rPois   .          Reflect  .    d - +2 helmet
rElec   .          Harm     +    i - scarf {harm}
rCorr   .          Rampage  .    j - +1 pair of gloves
Will    .....                    (no boots)
Stlth   ++........               (no amulet)
HPRegen 0.23/turn                f - +4 ring of evasion
MPRegen 0.11/turn                (no ring)

@: no status effects
A: no striking features
a: no special abilities


You were on level 2 of the Dungeon.
You visited 1 branch of the dungeon, and saw 2 of its levels.

You collected 95 gold pieces.

Inventory:

Hand Weapons
 a - a +1 sling (weapon)
Missiles
 e - 5 poisoned darts
Armour
 c - a +0 robe (worn)
 d - a +2 helmet (worn)
 i - a scarf of harm (worn)
 j - a +1 pair of gloves (worn)
Jewellery
 f - a +4 ring of evasion (left hand)
Scrolls
 b - a scroll of poison
 g - a scroll of silence {unknown}
Potions
 k - a potion of attraction {unknown}


   Skills:
 - Level 0.7 Fighting
 * Level 4.3 Ranged Weapons
 - Level 3.0 Dodging
 + Level 2.7 Spellcasting
 + Level 4.6 Hexes


You had 6 spell levels left.
You knew the following spells:

 Your Spells              Type           Power      Damage    Failure   Level
a - Slow                  Hex            72%        N/A       2%          1

Your spell library contained the following spells:

 Spells                   Type           Power      Damage    Failure   Level
 Inner Flame              Hex/Fire       10%        N/A       22%         3
 Portal Projectile        Hex/Tloc       20%        N/A       22%         3
 Cause Fear               Hex            9%         N/A       26%         4


Dungeon Overview and Level Annotations

Branches:
Dungeon (2/15)

Altars:


Message History

The sling bullet hits the hobgoblin!
You kill the hobgoblin!
The gnoll hits you with a +0 flail.
Fire: a) +1 sling
Press: ? - help, Q - select action, (/) - cycle Shift-Dir - straight line, f/p - gnoll
Aim: a gnoll, wielding a +0 flail (heavily wounded, unable to see you, 64% to hit)
You shoot a sling bullet.
The sling bullet barely misses the gnoll.
The sling bullet closely misses the kobold.
The sling bullet hits the gnoll but does no damage.
The gnoll is moderately wounded.
The gnoll misses you. The gnoll completely misses you.
Fire: a) +1 sling
Press: ? - help, Q - select action, (/) - cycle Shift-Dir - straight line, f/p - gnoll
Aim: a gnoll, wielding a +0 flail (heavily wounded, unable to see you, 64% to hit)
You shoot a sling bullet.
The sling bullet barely misses the gnoll.
The sling bullet hits the kobold.
The kobold is moderately wounded.
The gnoll misses you.
Fire: a) +1 sling
Press: ? - help, Q - select action, (/) - cycle Shift-Dir - straight line, f/p - gnoll
Aim: a gnoll, wielding a +0 flail (heavily wounded, unable to see you, 64% to hit)
You shoot a sling bullet.
The sling bullet barely misses the gnoll.
The sling bullet barely misses the kobold.
The sling bullet hits the gnoll.
The gnoll is moderately wounded.
You flicker back into view.
The gnoll hits you with a +0 flail!
* * * LOW HITPOINT WARNING * * *
Fire: a) +1 sling
Press: ? - help, Q - select action, (/) - cycle Shift-Dir - straight line, f/p - gnoll
Aim: a gnoll, wielding a +0 flail (heavily wounded, 64% to hit)
You shoot a sling bullet.
The sling bullet hits the gnoll but does no damage.
The gnoll is heavily wounded.
The gnoll hits you with a +0 flail!
Ouch! That really hurt!
You die...

#.##.##g#
####....##g#
#.......##.#
#.##.##g#
#.†.#...# #
####g####
#.#####.#
#.......#######
#######..gKg@.#
#.#####.#######
#...>....†.....
#.#####.######.
#.# #.# #.. ..#
### ###


You could see 2 gnolls and a kobold.

Vanquished Creatures
  An adder (D:2)
  2 gnolls (D:2)
  2 dart slugs (D:1)
  5 endoplasms
  A giant cockroach (D:1)
  5 goblins
  4 hobgoblins
  2 quokkas (D:1)
  2 bats
  4 frilled lizards (D:1)
  2 kobolds (D:1)
  4 rats
34 creatures vanquished.

Notes
Turn   | Place    | Note
-------+----------+-------------------------------------------
     0 | D:1      | Hubris850 the Deep Elf Hexslinger began the quest for the
                  | Orb.
     0 | D:1      | Reached XP level 1. HP: 11/11 MP: 5/5
   258 | D:1      | Reached XP level 2. HP: 16/16 MP: 4/6
   671 | D:1      | Reached XP level 3. HP: 16/20 MP: 8/8
   956 | D:2      | Mangled by a gnoll

Illustrated notes

Levels and vault maps discovered:
D:1:      dpeg_chamrin_arrival_tetris, layout_loops_ring, minmay_pentomino_u4
D:2:      layout_loops_cross, uniq_robin

Skill      XL: |  1  2  3 |
---------------+----------+-----
Ranged Weapons | 3 4 |  4.3
Spellcasting   | 2 |  2.7
Dodging        | 3 |  3.0
Fighting       | |  0.7
Hexes          | |  4.6

Action                   || total
-------------------------++-------
 Fire: Sling             ||    95
 Cast: Slow              ||     4
  Use: Scroll            ||     2
       Potion            ||     1
Armor: Robe              ||     7
Dodge: Dodged            ||    36

Table legend: (Time is in decaauts)
 A = Elapsed time spent in this place.
 B = Non-inter-level travel time spent in this place.
 C = Inter-level travel time spent in this place.
 D = Time resting spent in this place.
 E = Time spent auto-exploring this place.
 F = Levels seen in this place.
 G = Mean time per level.
                   A        B        C        D        E       F      G
               +--------+--------+--------+--------+--------+-----+--------+
         Total |    976 |    949 |     27 |      0 |    719 |   2 |  488.0 |
       Dungeon |    976 |    949 |     27 |      0 |    719 |   2 |  488.0 |
               +--------+--------+--------+--------+--------+-----+--------+

Top non-repeatable levels by time:
     D:1: 854 daAuts
     D:2: 122 daAuts
